 Dungeon Crawl Stone Soup version 0.22-a0-877-g5c4e1afb51 (console) character file.

70 Lexodia the Cudgeler (level 4, -3/48 HPs)
             Began as an Ogre Berserker on July 29, 2018.
             Was a Believer of Trog.
             Slain by a goblin
             ... wielding a +0 dagger
             ... led by Robin
              (4 damage)
             ... on level 2 of the Dungeon.
             The game lasted 00:02:55 (882 turns).

Lexodia the Cudgeler (Ogre Berserker)                Turns: 882, Time: 00:02:55

Health: -3/48      AC:  3    Str: 27    XL:     4   Next: 22%
Magic:  4/4        EV: 16    Int:  8    God:    Trog [**....]
Gold:   58         SH:  0    Dex: 13    Spells: 3/3 levels left

rFire    . . .     SeeInvis .   a - +0 mace
rCold    . . .     Gourm    .   (no shield)
rNeg     . . .     Faith    .   b - +0 animal skin
rPois    .         Spirit   .   (helmet restricted)
rElec    .         Reflect  .   (no cloak)
rCorr    .         Harm     .   (gloves unavailable)
MR       .....                  (boots unavailable)
Stlth    ++........             (no amulet)
HPRegen  0.16/turn              (no ring)
MPRegen  0.09/turn              (no ring)

@: mighty, agile, lethally poisoned (-3 -> -4), berserk cooldown, slowed, very
slow
A: large, unfitting armour, tough skin 1
a: Berserk, Trog's Hand, Renounce Religion


You were on level 2 of the Dungeon.
You worshipped Trog.
Trog was pleased with you.
You were hungry.

You visited 1 branch of the dungeon, and saw 2 of its levels.

You collected 58 gold pieces.

Inventory:

Hand Weapons
 a - a +0 mace (weapon)
Armour
 b - a +0 animal skin (worn)
Scrolls
 g - a scroll of identify
Comestibles
 c - 5 rations


   Skills:
 - Level 4.0 Fighting
 + Level 4.3 Maces & Flails
 - Level 3.0 Dodging


You had 3 spell levels left.
You didn't know any spells.
Your spell library was empty.

Dungeon Overview and Level Annotations

Branches:
Dungeon (2/15)

Altars:

Annotations:
D:2 Robin


Innate Abilities, Weirdness & Mutations

You are too large for most types of armour.
You have tough skin. (AC +1)


Message History

The goblin completely misses you. The goblin hits you but does no damage.
The goblin closely misses you. The ooze barely misses you.
The hobgoblin misses you. The goblin hits you with a club.
* * * LOW HITPOINT WARNING * * *
The goblin misses you.
Huge Dmg: -12%(-6hp) hp: 5%(2hp)
You sock the hobgoblin!
You kill the hobgoblin!
Trog accepts your kill.
The goblin no longer looks unusually strong.
Robin flexes a bicep menacingly.
The goblin completely misses you. The ooze misses you.
The goblin hits you with a club.
* * * LOW HITPOINT WARNING * * *
The goblin closely misses you.
Robin roars a battlecry!
The goblin goes into a battle-frenzy!
The hobgoblin closely misses you. The ooze closely misses you.
The goblin misses you. The goblin hits you with a dagger.
You die...

.........#...###
...#............ ##
..##.##..###.## .#
####.#..####..###.#
#.#.#........#.####
#..>#.=...........##.
..?..........g.g......
...............g#g...##.
###....#.......J@gg.....
#....#.......g###.###.
##########....# $......#
...#....# .........!
#...#.###.. ....... ...


You could see Robin, an ooze, 2 hobgoblins and 4 goblins.

Vanquished Creatures
  3 adders (D:2)
  An ooze (D:1)
  2 leopard geckos (D:1)
  An orc (D:2)
  A giant cockroach (D:1)
  7 goblins
  7 hobgoblins
  3 jackals (D:2)
  A kobold (D:1)
  3 bats (D:1)
  A frilled lizard (D:1)
  4 rats (D:1)
34 creatures vanquished.

Notes
Turn   | Place    | Note
-------+----------+-------------------------------------------
     0 | D:1      | Lexodia the Ogre Berserker began the quest for the Orb.
     0 | D:1      | Reached XP level 1. HP: 24/24 MP: 1/1
     9 | D:1      | Huge Dmg: 4 dmg
    44 | D:1      | Reached XP level 2. HP: 13/32 MP: 2/2
    92 | D:1      | Huge Dmg: 4 dmg
   419 | D:1      | Reached XP level 3. HP: 39/39 MP: 3/3
   482 | D:2      | Huge Dmg: 7 dmg
   485 | D:2      | Huge Dmg: 5 dmg
   488 | D:2      | Huge Dmg: 4 dmg
   489 | D:2      | Reached ** piety under Trog
   495 | D:2      | Huge Dmg: 4 dmg
   498 | D:2      | Huge Dmg: 1 dmg
   542 | D:2      | Huge Dmg: 7 dmg
   544 | D:2      | Huge Dmg: 6 dmg
   547 | D:2      | Huge Dmg: 1 dmg
   869 | D:2      | Noticed Robin
   871 | D:2      | Reached XP level 4. HP: 48/48 MP: 4/4
   878 | D:2      | Huge Dmg: 21 dmg
   879 | D:2      | Huge Dmg: 15 dmg
   881 | D:2      | Huge Dmg: 10 dmg
   881 | D:2      | HP: 2/48 [goblin/club[Robin] (4)]
   882 | D:2      | Huge Dmg: 6 dmg
   882 | D:2      | Slain by a goblin

Vault maps used:
D:1:      doesnt_arrival_eight_statues, solitary_fountain
D:2:      lemuel_coloured_pillars_altar, overflow_temple_1_default,
          first_ration, uniq_robin

Skill      XL: |  1  2  3 |
---------------+----------+-----
Maces & Flails | 3 4 |  4.3
Dodging        | 3 |  3.0
Fighting       | |  4.0

Action                   |  1- 3 |  4- 6 || total
-------------------------+-------+-------++-------
Melee: Mace              |    90 |     9 ||    99
Invok: Berserk           |     2 |       ||     2
  Use: Scroll            |     4 |       ||     4
       Potion            |     1 |     2 ||     3
  Eat: Chunk             |     1 |       ||     1
Armor: Animal skin       |    46 |     2 ||    48
Dodge: Dodged            |    69 |    28 ||    97

Table legend:
 A = Spawn XP
 B = Non-spawn XP
 C = Spawn XP percentage of total XP
 D = Spawn monster count
 E = Non-spawn monster count
 F = Spawn count percentage of total count
 G = Total turns spent on level
                    A         B        C        D         E        F      G
               +---------+---------+-------+---------+---------+-------+---------
         Total |       0 |     101 |   0.0 |       0 |      34 |   0.0 |   882
               +---------+---------+-------+---------+---------+-------+---------
           D:1 |       0 |      40 |   0.0 |       0 |      20 |   0.0 |   464
           D:2 |       0 |      61 |   0.0 |       0 |      14 |   0.0 |   418
               +---------+---------+-------+---------+---------+-------+---------
